 Dungeon Crawl Stone Soup version 0.28.0-43-g3370ac3207 (console) character file.

Game seed: 14737326599022897308

837 123 the Skirmisher (level 8, -1/39 (64) HPs)
             Began as a Human Berserker on Mar 17, 2022.
             Was a Believer of Trog.
             Slain by a gnoll sergeant
             ... wielding a +2 vampiric spear
              (6 damage)
             ... on level 5 of the Dungeon on Mar 18, 2022.
             The game lasted 00:40:33 (4919 turns).

123 the Skirmisher (Human Berserker)                Turns: 4919, Time: 00:40:34

HP:   -1/39 (64)    AC: 13    Str: 17    XL:     8   Next: 19%
MP:   8/8           EV: 10    Int:  9    God:    Trog [**....]
Gold: 146           SH:  0    Dex: 14    Spells: 7/7 levels left

rFire   . . .      SeeInvis .   j - +3 short sword (protect)
rCold   . . .      Faith    .   (no shield)
rNeg    . . .      Spirit   .   h - +0 scale mail
rPois   .          Reflect  .   o - +0 helmet
rElec   .          Harm     .   c - +0 cloak
rCorr   .          Rampage  .   (no gloves)
Will    .....                   (no boots)
Stlth   ..........              (no amulet)
HPRegen 0.13/turn               (no ring)
MPRegen 0.11/turn               (no ring)

@: lethally poisoned (-1 -> -4), under a protective aura, on berserk cooldown,
slowed, very heavily drained, very slow
A: clever 1, deformed body, weak 1
a: Renounce Religion, Berserk, Trog's Hand


You were on level 5 of the Dungeon.
You worshipped Trog.
Trog was pleased with you.
You visited 2 branches of the dungeon, and saw 6 of its levels.

You collected 146 gold pieces.

Inventory:

Hand Weapons
 a - a +0 hand axe
 j - a +3 short sword of protection (weapon)
 n - a +4 dire flail of protection
Missiles
 b - 9 bolts
 d - 84 sling bullets
 f - 53 stones (quivered)
Armour
 c - a +0 cloak (worn)
 h - a +0 scale mail (worn)
 o - a +0 helmet (worn)
Wands
 g - a wand of iceblast (7)
Scrolls
 e - a scroll of magic mapping
 i - a scroll of holy word
 l - a scroll of vulnerability


   Skills:
 + Level 5.8 Fighting
 - Level 0.8 Short Blades
 + Level 5.7 Axes
 + Level 5.3 Armour
 - Level 2.0 Dodging


You had 7 spell levels left.
You didn't know any spells.
Your spell library contained the following spells:

 Spells                   Type           Power      Damage    Failure   Level
 Ensorcelled Hibernation  Hex/Ice        0%         N/A       88%         2
 Spider Form              Tmut/Pois      0%         N/A       98%         3
 Anguish                  Hex/Necr       0%         N/A       100%        4


Dungeon Overview and Level Annotations

Branches:
Dungeon (5/15)             Temple (1/1) D:4

Altars:
Ashenzari
Cheibriados
Elyvilon
Kikubaaqudgha
Makhleb
Nemelex Xobeh
Okawaru
Qazlal
Ru
Sif Muna
Vehumet
Yredelemnul
Zin

Shops:
D:2 [

Portals:
Ossuary: D:5


Innate Abilities, Weirdness & Mutations

Your mind is acute. (Int +2)
Armour fits poorly on your strangely shaped body.
You are weak. (Str -2)


Message History

You hit the gnoll.
The gnoll is heavily wounded.
You feel sick.
The gnoll hits you from afar with a +0 vorpal halberd.
The gnoll hits you with a +0 spear of venom!
You are more poisoned.
You puncture the gnoll!
The gnoll is severely wounded.
You feel sick. The gnoll closely misses you.
You puncture the gnoll!
You kill the gnoll!
Trog accepts your kill.
You feel very sick.
The gnoll hits you with a +0 spear of venom!
You puncture the gnoll!
You kill the gnoll!
Trog accepts your kill.
You feel sick. The gnoll hits you but does no damage.
You are no longer berserk.
You are exhausted.
You feel yourself slow down.
* * * LOW HITPOINT WARNING * * *
You feel sick. The gnoll hits you but does no damage.
You are too injured to fight recklessly!
Okay, then.
* * * LOW HITPOINT WARNING * * *
You feel very sick.
You see here a +0 flail.
Aiming: Iceblast
Press: ? - help, Shift-Dir - straight line, f - gnoll
Aim: a gnoll, wielding a +0 club The mass of ice explodes!
The iceblast engulfs the gnoll!
You kill the gnoll!
Trog accepts your kill.
The iceblast engulfs the gnoll sergeant.
The gnoll sergeant is lightly wounded.
* * * LOW HITPOINT WARNING * * *
You feel sick.
The gnoll sergeant hits you from afar with a +2 vampiric spear.
You die...

#. ##..##....#
#.##......#.## #
#.....###...# .#
.........##.## ..+
.............##..#
#................#
#..........#.....###+##
#..........#..........
#............#.###... ..
#..........###....###....
....:...........@)gg.....
#..........##....†###...
#.<........###....#
#..........# ######
#..........# #..........#
##........## ##......##
########


You could see a gnoll sergeant and a gnoll.

Vanquished Creatures
  Eustachio (D:4)
  Edmund (D:4)
  The ghost of Manslay the Conjurer, an amateur OpCj (D:4)
  An ogre (D:4)
  A bullfrog (D:4)
  A scorpion (D:5)
  A jelly (D:4)
  An iguana (D:4)
  A hound skeleton (D:4)
  4 gnolls (D:5)
  9 adders
  An ufetubus (D:4)
  An adder skeleton (D:4)
  A worm (D:2)
  2 dart slugs
  5 orcs (D:3)
  4 endoplasms
  2 giant cockroaches (D:2)
  6 goblins
  3 hobgoblins
  3 jackals (D:3)
  2 quokkas
  7 ball pythons
  2 bats
  4 frilled lizards
  5 kobolds
  4 rats (D:1)
74 creatures vanquished.

Notes
Turn   | Place    | Note
-------+----------+-------------------------------------------
     0 | D:1      | 123 the Human Berserker began the quest for the Orb.
     0 | D:1      | Reached XP level 1. HP: 18/18 MP: 1/1
   362 | D:1      | Reached XP level 2. HP: 22/24 MP: 2/2
   398 | D:1      | Found a faded altar of an unknown god.
   938 | D:2      | Reached XP level 3. HP: 12/29 MP: 3/3
  1448 | D:2      | Found Joetour's Armour Shoppe.
  1468 | D:2      | Reached ** piety under Trog
  1469 | D:2      | Reached XP level 4. HP: 35/35 MP: 4/4
  2401 | D:3      | Found a large runed translucent door.
  2401 | D:3      | Found a large runed translucent door.
  2415 | D:3      | Reached XP level 5. HP: 32/42 MP: 5/5
  2910 | D:3      | Found a basalt altar of Yredelemnul.
  2963 | D:3      | Found a white marble altar of Elyvilon.
  3199 | D:3      | Found a sacrificial altar of Ru.
  3238 | D:3      | Found a stormy altar of Qazlal.
  3318 | D:4      | Noticed a bullfrog
  3320 | D:4      | Found a runed translucent door.
  3320 | D:4      | Noticed Manslay's ghost (amateur OpCj)
  3423 | D:4      | Found a staircase to the Ecumenical Temple.
  3484 | D:4      | Reached XP level 6. HP: 48/48 MP: 6/6
  3493 | D:4      | Noticed Eustachio
  3506 | D:4      | Killed Eustachio
  3649 | D:4      | Noticed an ogre
  3658 | D:4      | Killed an ogre
  3659 | D:4      | Reached XP level 7. HP: 46/55 MP: 7/7
  3825 | D:4      | Noticed Edmund
  3848 | D:4      | Killed Edmund
  3849 | D:4      | Reached skill level 5 in Fighting
  3849 | D:4      | Reached skill level 5 in Axes
  4091 | D:4      | Killed Manslay's ghost
  4092 | D:4      | Reached skill level 5 in Armour
  4092 | D:4      | Reached XP level 8. HP: 63/63 MP: 8/8
  4139 | Temple   | Entered the Ecumenical Temple
  4620 | Temple   | Gained mutation: You are weak. (Str -2) [potion of
                  | mutation]
  4620 | Temple   | Gained mutation: Armour fits poorly on your strangely
                  | shaped body. [potion of mutation]
  4620 | Temple   | Gained mutation: Your mind is acute. (Int +2) [potion of
                  | mutation]
  4718 | D:5      | Entered Level 5 of the Dungeon
  4740 | D:5      | Found a sand-covered staircase.
  4919 | D:5      | Slain by a gnoll sergeant

Illustrated notes

Levels and vault maps discovered:
D:1:      lemuel_arrival_river_ford, layout_rooms,
          ebering_ecumenical_altar_abandoned, minmay_fountain_box
D:2:      layout_rooms, serial_shops, shop
D:3:      layout_basic, kennysheep_ying_yang, jmf_multi_god_temple2
D:4:      layout_basic, minmay_temple_entry_mini_moons, serial_shops,
          nicolae_lakefront_shop, ebering_ghost_sewer_d,
          sigmund_edmund_badplayer, uniq_eustachio
D:5:      layout_rooms, lemuel_doored_altar,
          mainiacjoe_overflow_concentric_impassable,
          nicolae_dithmenos_the_darkroom, mainiacjoe_overflow_brackets,
          enter_ossuary_1
Temple:   compressed_dpeg_triangle_lava_temple

Skill      XL: |  1  2  3  4  5  6  7 |
---------------+----------------------+-----
Armour         | 3 4 5 |  5.3
Fighting       | 4 5 |  5.8
Axes           | 4 5 |  5.7
Short Blades   | |  0.8
Dodging        | |  2.0

Action                   |  1- 3 |  4- 6 |  7- 9 || total
-------------------------+-------+-------+-------++-------
Melee: Hand axe          |    76 |   120 |       ||   196
       Short sword       |       |    31 |    71 ||   102
       Punch             |       |       |     2 ||     2
Throw: Stone             |    10 |    21 |       ||    31
Invok: Berserk           |     1 |     4 |     3 ||     8
Evoke: Wand              |       |       |     1 ||     1
  Use: Potion            |     1 |       |     2 ||     3
       Scroll            |     2 |     1 |     1 ||     4
Armor: Animal skin       |    21 |    27 |       ||    48
       Scale mail        |       |    27 |    27 ||    54
Dodge: Dodged            |    57 |   100 |    32 ||   189
